 Dungeon Crawl Stone Soup version 0.32-a0-460-gc8eefc90e7 (webtiles) character file.

Game seed: 2816819612951322072

6 Morbidden the Trooper (level 1, -1/18 HPs)
             Began as a Coglin Berserker on Feb 24, 2024.
             Was a Follower of Trog.
             Slain by a quokka (2 damage)
             ... on level 1 of the Dungeon.
             The game lasted 00:00:16 (352 turns).

Morbidden the Trooper (Coglin Berserker)             Turns: 352, Time: 00:00:17

Health: -1/18      AC:  2    Str: 17    XL:     1   Next: 90%
Magic:  1/1        EV: 12    Int:  6    God:    Trog [*.....]
Gold:   31         SH:  0    Dex: 13    Spells: 0/0 levels left

rFire   . . .        a - +0 mace {Uttamveer}
rCold   . . .        (no shield)
rNeg    . . .        b - +0 animal skin
rPois   .            (no helmet)
rElec   .            (no cloak)
rCorr   .            (no gloves)
SInv    .            (no boots)
Will    .....        (no amulet)
Stlth   +            (no ring)
HPRegen 0.23/turn    (no ring)
MPRegen 0.07/turn

%: no passive effects
@: immotile, revved
A: off-hand wielding, slow wielding, warmup strikes, legs shutdown
a: Renounce Religion, Berserk


You were on level 1 of the Dungeon.
You worshipped Trog.
Trog was aware of your devotion.
You visited 1 branch of the dungeon, and saw 1 of its levels.

You collected 31 gold pieces.

Inventory:

Hand Weapons
 a - a +0 mace (weapon) {Uttamveer}
Armour
 b - a +0 animal skin (worn)
Scrolls
 c - a scroll of identify {unknown}
Potions
 d - a potion of lignification {unknown}
 e - a potion of curing {unknown}


   Skills:
 * Level 3.1 Fighting
 * Level 0.1(1.8) Axes
 * Level 2.8(2.9) Maces & Flails
 * Level 1.9 Armour
 * Level 1.8 Dodging


You couldn't memorise any spells.
You didn't know any spells.
Your spell library was empty.

Dungeon Overview and Level Annotations

Branches:
Dungeon (1/15)

Altars:


Innate Abilities, Weirdness & Mutations

You can wield a second weapon in your off-hand.
It takes a long time for you to wield or remove held weapons.
Your first few attacks do less damage.
Attacking and casting redirects power from your legs.


Message History

The kobold shouts!
The hobgoblin shouts!
You hit the hobgoblin.
The hobgoblin is severely wounded.
The hobgoblin closely misses you. The hobgoblin hits you.
The kobold misses you.
You hit the hobgoblin.
The hobgoblin is almost dead.
The hobgoblin hits you. The kobold closely misses you.
You barely miss the hobgoblin.
The hobgoblin is almost dead.
The quokka bites you. The hobgoblin hits you. The kobold barely misses you.
You are too injured to fight recklessly!
You are too injured to fight recklessly!
You are too injured to fight recklessly!
You are too injured to fight recklessly!
You are too injured to fight recklessly!
You are too injured to fight recklessly!
You are too injured to fight recklessly!
You are too injured to fight recklessly!
You are too injured to fight recklessly!
You are too injured to fight recklessly!
You are too injured to fight recklessly!
You are too injured to fight recklessly!
You are too injured to fight recklessly!
You are too injured to fight recklessly!
You are too injured to fight recklessly!
You are too injured to fight recklessly!
You are too injured to fight recklessly!
Unknown command.
Unknown command.
You cannot move.
Unknown command.
You closely miss the hobgoblin.
The hobgoblin is almost dead.
The quokka completely misses you. The hobgoblin hits you.
* * * LOW HITPOINT WARNING * * *
The kobold hits you with a +0 short sword.
* * * LOW HITPOINT WARNING * * *
The quokka bites you.
You die...

#... #... #... #...
#### #######... ..#
+.....#... ##+#+###.#
.#.....#...
#...$r.#.###.#.....'...
#....g@......#..ß..#...
#$....K##..###.....####
+......###.###.....#<'.
#......# #..######'###'
........#
##.....#...#..
....##### #.....#...'..
.### #.....#...###
#.....##### ##...##


You could see a quokka, a hobgoblin and a kobold.

Vanquished Creatures
  A ball python (D:1)
  3 bats (D:1)
  A hobgoblin (D:1)
  A kobold (D:1)
6 creatures vanquished.

Notes
Turn   | Place    | Note
-------+----------+-------------------------------------------
     0 | D:1      | Morbidden the Coglin Berserker began the quest for the Orb.
     0 | D:1      | Reached XP level 1. HP: 18/18 MP: 1/1
   352 | D:1      | Slain by a quokka

Illustrated notes

Levels and vault maps discovered:
D:1:      evilmike_arrival_fibonacci_small, layout_basic,
          ebering_dispersal_statue_hall

Action                     || total
---------------------------++-------
  Melee: Mace              ||    19
 Armour: Animal skin       ||    24
  Dodge: Dodged            ||    17

Table legend: (Time is in decaauts)
 A = Elapsed time spent in this place.
 B = Non-inter-level travel time spent in this place.
 C = Inter-level travel time spent in this place.
 D = Time resting spent in this place.
 E = Time spent auto-exploring this place.
 F = Levels seen in this place.
 G = Mean time per level.
                   A        B        C        D        E       F      G
               +--------+--------+--------+--------+--------+-----+--------+
         Total |    356 |    356 |      0 |    145 |    159 |   1 |  356.0 |
       Dungeon |    356 |    356 |      0 |    145 |    159 |   1 |  356.0 |
               +--------+--------+--------+--------+--------+-----+--------+

Top non-repeatable levels by time:
     D:1: 356 daAuts
